 Dungeon Crawl Stone Soup version 0.29-a0-1019-g84f7d21838 (webtiles) character file.

Game seed: 7675035658655742241

5 Manisian the Caller (level 1, -1/10 HPs)
             Began as a Tengu Summoner on Aug 10, 2022.
             Slain by a kobold
             ... wielding a +0 whip
              (2 damage)
             ... on level 1 of the Dungeon.
             The game lasted 00:00:25 (56 turns).

Manisian the Caller (Tengu Summoner)                  Turns: 56, Time: 00:00:26

Health: -1/10      AC:  2    Str:  8    XL:     1   Next: 80%
Magic:  2/4        EV: 12    Int: 15    God:
Gold:   36         SH:  0    Dex: 14    Spells: 3/4 levels left

rFire   . . .      SeeInvis .   (no weapon)
rCold   . . .      Faith    .   (no shield)
rNeg    . . .      Spirit   .   a - +0 robe
rPois   .          Reflect  .   (helmet restricted)
rElec   .          Harm     .   (no cloak)
rCorr   .          Rampage  .   (no gloves)
Will    .....                   (boots unavailable)
Stlth   ++........              (no amulet)
HPRegen 0.03/turn               (no ring)
MPRegen 0.09/turn               (no ring)

@: no status effects
A: beak, talons 3
a: no special abilities


You were on level 1 of the Dungeon.
You visited 1 branch of the dungeon, and saw 1 of its levels.

You collected 36 gold pieces.

Inventory:

Armour
 a - a +0 robe (worn)
Scrolls
 c - a scroll of amnesia {unknown}
Potions
 b - a potion of magic
 d - a potion of mutation {unknown}


   Skills:
 + Level 2.2 Dodging
 + Level 2.0 Stealth
 + Level 2.0 Spellcasting
 + Level 5.1 Summonings


You had 3 spell levels left.
You knew the following spells:

 Your Spells              Type           Power      Damage    Failure   Level
a - Summon Small Mammal   Summ           68%        N/A       2%          1

Your spell library contained the following spells:

 Spells                   Type           Power      Damage    Failure   Level
 Call Imp                 Summ           17%        N/A       4%          2
 Call Canine Familiar     Summ           17%        N/A       8%          3
 Summon Guardian Golem    Hex/Summ       9%         N/A       22%         3
 Summon Lightning Spire   Summ/Air       9%         N/A       58%         4


Dungeon Overview and Level Annotations

Branches:
Dungeon (1/15)

Altars:

Shops:
D:1 !


Innate Abilities, Weirdness & Mutations

You have a beak for a mouth.
You have claws for feet.


Message History

Your rat dies!
Your rat's corpse disappears in a puff of smoke!
The kobold barely misses your rat.
Your rat bites the hobgoblin.
Your rat disappears in a puff of smoke!
The dart slug launches a dart at you. The slug dart misses you.
Casting: Summon Small Mammal (safe; 3% risk of failure)
Confirm with . or Enter, or press ? or * to list all spells.
The hobgoblin misses your rat.
Your rat bites the hobgoblin.
The hobgoblin dies!
Your Summonings skill increases to level 5!
The kobold hits your rat with a +0 whip.
Your rat dies!
Your rat's corpse disappears in a puff of smoke!
Casting: Summon Small Mammal (safe; 2% risk of failure)
Confirm with . or Enter, or press ? or * to list all spells.
Your quokka bites the rat.
Your quokka bites the rat.
The rat dies!
The kobold completely misses your quokka.
Casting: Summon Small Mammal (safe; 2% risk of failure)
Confirm with . or Enter, or press ? or * to list all spells.
The kobold hits your quokka with a +0 dagger.
Your quokka misses the kobold. The kobold hits you with a +0 whip.
The kobold closely misses your quokka.
Your quokka bites the kobold.
The kobold hits your quokka but does no damage.
The dart slug launches a dart at you. The slug dart misses you.
Your quokka misses the kobold.
The kobold completely misses your quokka.
The kobold hits you with a +0 whip.
* * * LOW HITPOINT WARNING * * *
Your quokka barely misses the kobold.
Your quokka misses the kobold. The kobold misses your quokka.
The kobold attacks as you move away! The kobold closely misses you.
Your quokka bites the kobold.
The kobold dies!
The kobold attacks as you move away! The kobold hits you with a +0 whip.
You die...

### ..... # ..... ###
##. ...
..##..#####..##
#....#...[.#..##
#...#.......#..##
#..#....<....#..#
#.@#.......#..#
###.K.#.....#..#
#......#####..######
....#.................
#####.....rr..........
###..#.#w†...#####
##.##.....###
##..####...######
#.......†........


You could see a dart slug (ally target), a kobold and 2 friendly quokkas.

Vanquished Creatures (collateral kills)
  2 hobgoblins (D:1)
  A kobold (D:1)
  A frilled lizard (D:1)
  A rat (D:1)
5 creatures vanquished.

Notes
Turn   | Place    | Note
-------+----------+-------------------------------------------
     0 | D:1      | Manisian the Tengu Summoner began the quest for the Orb.
     0 | D:1      | Reached XP level 1. HP: 10/10 MP: 4/4
    28 | D:1      | Found Ramey's Distillery.
    41 | D:1      | Reached skill level 5 in Summonings
    56 | D:1      | Slain by a kobold

Illustrated notes

Levels and vault maps discovered:
D:1:      scummos_arrival_hexagon, layout_rooms, serial_shops, shop,
          shop_fountains, corexii_item_surrounded_by_moat

Skill      XL: |  1 |
---------------+----+-----
Summonings     | 5 |  5.1
Dodging        | |  2.2
Stealth        | |  2.0
Spellcasting   | |  2.0

Action                   || total
-------------------------++-------
 Cast: Summon Small Mamm ||     6
Dodge: Dodged            ||     4

Table legend: (Time is in decaauts)
 A = Elapsed time spent in this place.
 B = Non-inter-level travel time spent in this place.
 C = Inter-level travel time spent in this place.
 D = Time resting spent in this place.
 E = Time spent auto-exploring this place.
 F = Levels seen in this place.
 G = Mean time per level.
                   A        B        C        D        E       F      G
               +--------+--------+--------+--------+--------+-----+--------+
         Total |     56 |     56 |      0 |      0 |      5 |   1 |   56.0 |
       Dungeon |     56 |     56 |      0 |      0 |      5 |   1 |   56.0 |
               +--------+--------+--------+--------+--------+-----+--------+

Top non-repeatable levels by time:
     D:1: 56 daAuts
